 Dungeon Crawl Stone Soup version bcrawl-1.28.4 (webtiles) character file.

Game seed: 7367534680984047849

103039 Morbidden the Magician (level 2, -1/20 HPs)
             Began as a Demigod Wizard on Jan 3, 2021.
             Slain by a worm (7 damage)
             ... on level 1 of the Dungeon.
             The game lasted 00:00:38 (692 turns).

Morbidden the Magician (Demigod Wizard)              Turns: 692, Time: 00:00:38

Health: -1/20      AC:  2    Str: 11    XL:     2   Next: 51%
Magic:  0/8        EV: 12    Int: 22    God:    Demigod [......]
Gold:   24         SH:  0    Dex: 15    Spells: 6/7 levels left

rFire    . . .     SeeInvis .   a - +0 staff
rCold    . . .     Gourm    .   (no shield)
rNeg     . . .     Faith    .   b - +0 robe
rPois    .         Spirit   .   c - +0 hat
rElec    .         Reflect  .   (no cloak)
rCorr    .         Harm     .   (no gloves)
MR       .....                  (no boots)
Stlth    ++........             (no amulet)
HPRegen  0.06/turn              (no ring)
MPRegen  0.11/turn              (no ring)

@: no status effects
A: high mp 1
a: no special abilities


You were on level 1 of the Dungeon.
You worshipped Demigod.
Demigod was noncommittal.
You were not hungry.

You visited 1 branch of the dungeon, and saw 1 of its levels.

You collected 24 gold pieces.

Inventory:

Hand Weapons
 a - a +0 staff (weapon)
Missiles
 l - 2 throwing nets {=f}
Armour
 b - a +0 robe (worn)
 c - a +0 hat (worn)
Scrolls
 g - 3 scrolls of identify
 h - a scroll of remove curse {unknown}
 i - a scroll of magic mapping {unknown}
 j - a scroll of teleportation {unknown}
Potions
 f - a potion of brilliance
 k - a potion of resistance {unknown}
Comestibles
 d - a chunk of flesh
 e - 2 rations {!d}


   Skills:
 * Level 0.2 Fighting
 * Level 1.9 Dodging
 + Level 2.1 Stealth
 * Level 3.1 Spellcasting
 * Level 1.1 Conjurations
   Level 0.8 Summonings
   Level 0.8 Translocations


You had 6 spell levels left.
You knew the following spells:

 Your Spells              Type           Power        Failure   Level  Hunger
a - Magic Dart            Conj           #...         8%          1    None

Your spell library contained the following spells:

 Spells                   Type           Power        Failure   Level  Hunger
 Blink                    Tloc           N/A          13%         2    #......
 Call Imp                 Summ           #.....       13%         2    #......
 Conjure Flame            Conj/Fire      #.......     28%         3    ####...
 Mephitic Cloud           Conj/Pois/Air  #.......     32%         3    ####...
 Spider Form              Tmut/Pois      #..          36%         3    ####...


Dungeon Overview and Level Annotations

Branches:
Dungeon (1/12)


Innate Abilities, Weirdness & Mutations

You have an increased reservoir of magic. (+10% MP)


Message History

* * * LOW HITPOINT WARNING * * *
You are too injured to fight recklessly!
You are too injured to fight recklessly!
Casting: Magic Dart (safe; 8% risk of failure)
Confirm with . or Enter, or press ? or * to list all spells.
Aiming: Magic Dart (safe; 8% risk of failure)
Press: ? - help, Shift-Dir - straight line, f/p - worm
Aim: a worm (severely wounded)
The magic dart hits the worm.
The worm is almost dead.
Casting: Magic Dart (safe; 8% risk of failure)
Confirm with . or Enter, or press ? or * to list all spells.
Aiming: Magic Dart (safe; 8% risk of failure)
Press: ? - help, Shift-Dir - straight line, f/p - worm
Aim: a worm (almost dead)
The magic dart hits the worm.
The worm is almost dead.
The worm bites you!
You die...
Your divinity fades.

#.......... #.
#.######### #.
#.# #. #.# #. #.#
#. #.# #### #.
#.# ..... #.
...###†###......
###.
.........@w......
#...
##..###...(......
#)#. ..
.............
#.#.
...##..........
#.## #.#
#....###+## #.# #
...... #.##
.#....## #...
#......# #### ###


You could see a worm.

Vanquished Creatures
  A leopard gecko (D:1)
  4 bats (D:1)
  2 giant cockroaches (D:1)
  3 hobgoblins (D:1)
  4 kobolds (D:1)
  A rat (D:1)
15 creatures vanquished.

Notes
Turn   | Place    | Note
-------+----------+-------------------------------------------
     0 | D:1      | Morbidden the Demigod Wizard began the quest for the Orb.
     0 | D:1      | Reached XP level 1. HP: 14/14 MP: 6/6
   267 | D:1      | Reached skill level 3 in Spellcasting
   348 | D:1      | Reached skill level 1 in Conjurations
   348 | D:1      | Reached XP level 2. HP: 17/20 MP: 0/8
   692 | D:1      | Slain by a worm

Skill      XL: |  1 |
---------------+----+-----
Spellcasting   | 3 |  3.1
Conjurations   | 1 |  1.1
Fighting       | |  0.2
Dodging        | |  1.9
Stealth        | |  2.1
Summonings     | |  0.8
Translocations | |  0.8

Action                   || total
-------------------------++-------
Melee: Staff             ||    11
 Cast: Magic Dart        ||    44
Armor: Robe              ||     4
Dodge: Dodged            ||    18
